[Event "Early-Titled-Tuesday-Blitz-March-05-2024"]
[Site "Chess.com"]
[Date "2024.03.05"]
[Round "11"]
[White "mertfelin"]
[Black "ATM622"]
[Result "1-0"]
[WhiteElo "2357"]
[BlackElo "2498"]
[TimeControl "180+1"]
[EndTime "10:07:22 PST"]
[Termination "mertfelin won by resignation"]

1. e4 c6 2. Nc3 d5 3. Nf3 dxe4 4. Nxe4 Nf6 5. Qe2 Nxe4 6. Qxe4 Qd5 7. Qh4 Bf5 8. Bc4 Qd6 9. Bb3 h6 10. O-O e6 11. d4 Be7 12. Qf4 Nd7 13. Re1 O-O 14.
h3 Rad8 15. c3 Nf6 16. Ne5 Nd5 17. Qf3 Nf6 18. Bf4 g5 19. Bh2 Be4 20. Rxe4 Nxe4 21. Qxe4 f5 22. Qe2 f4 23. Nf3 Rf6 24. Re1 Kf7 25. Nd2 Qd7 26. Ne4 Rg6 27. Qh5 b6 28. Bxe6+ Qxe6 29. Nxg5+ Bxg5 30. Rxe6 Rg8 31. Rxc6 1-0

[Event "Early-Titled-Tuesday-Blitz-March-05-2024"]
[Site "Chess.com"]
[Date "2024.03.05"]
[Round "11"]
[White "GAusal"]
[Black "SmirnovTimofey2000"]
[Result "1-0"]
[WhiteElo "2282"]
[BlackElo "1975"]
[TimeControl "180+1"]
[EndTime "10:07:24 PST"]
[Termination "GAusal won by resignation"]

1. d4 d5 2. Nf3 Nf6 3. Bf4 Bf5 4. e3 e6 5. c4 Bxb1 6. Rxb1 Bb4+ 7.
Nd2 Ne4 8. Qa4+ Nc6 9. Rd1 Bxd2+ 10. Rxd2 Nxd2 11. Kxd2 O-O 12. cxd5 Qxd5 13. Bxc7 Rfc8 14. Bg3 Qa5+ 15. Qxa5 Nxa5 16. b3 Nc6 17. Bd3 Nb4 18. Be4 Nd5 19. Bd3 a6 20. Bd6 b5 21. e4 Rd8 22. Bc5 Nf6 23. f3 Rac8 24. b4 Nd7 25. Kc3 Nxc5 26. dxc5 Kf8 27. a4 bxa4 28. Bxa6 Rd7 29.
Bxc8 Ra7 30. b5 a3 31. Ra1 Ra8 32. Bb7 Ra7 33. c6 Ke7 34. b6 1-0

[Event "Early-Titled-Tuesday-Blitz-March-05-2024"]
[Site "Chess.com"]
[Date "2024.03.05"]
[Round "11"]
[White "ChessFanNM"]
[Black "Balla_Tamas"]
[Result "1-0"]
[WhiteElo "2277"]
[BlackElo "2414"]
[TimeControl "180+1"]
[EndTime "10:07:27 PST"]
[Termination "ChessFanNM won by checkmate"]

1. e4 c5 2. Nf3 Nc6 3. Bb5 Nf6 4. e5 Nd5 5. Nc3 Nc7 6. Bxc6 dxc6 7. O-O g6 8. d3 Bg7 9. h3 O-O 10. a4 a5 11. Ne4 b6 12. Bf4 Ne6 13. Bg3 Nd4 14. Re1 h6 15. Rb1 Bf5 16. c3 Ne6 17. Qe2 Qd7 18.
Nh4 Rad8 19. Rbd1 Ng5 20. Nxg5 hxg5 21. Nf3 Bxd3 22. Qe3 c4 23. Qxg5 b5 24. Qh4 Rfe8 25.
Ng5 Qf5 26. e6 f6 27. Qh7+ Kf8 28. Nf7 Rd5 29. Nh6 Bxh6 30. Qh8# 1-0

[Event "Early-Titled-Tuesday-Blitz-March-05-2024"]
[Site "Chess.com"]
[Date "2024.03.05"]
[Round "11"]
[White "Chernov_Mikhail"]
[Black "RandomNoob04"]
[Result "0-1"]
[WhiteElo "2420"]
[BlackElo "2609"]
[TimeControl "180+1"]
[EndTime "10:07:28 PST"]
[Termination "RandomNoob04 won by resignation"]

1. e4 d5 2. exd5 Qxd5 3. Nc3 Qa5 4. d4 Nf6 5. Bc4 Bf5 6. Nf3 e6 7. O-O Bb4 8. Bd2 Nc6 9. a3 Bxc3 10. Bxc3 Qb6 11.
Qe2 O-O-O 12. Rad1 Bg4 13. h3 Bxf3 14. Qxf3 Nxd4 15. Qf4 Nf5 16. g4 Nd6 17. Bb3 h5 18. g5 Nfe4 19. Bxg7 Rhg8 20. Bd4 Nxg5 21. Kh2 Qc6 22.
Rd3 Nxh3 23. Qf3 Qxf3 24. Rxf3 Ng5 25. Rf4 Nde4 26. Be3 Nd2 27. Rd1 Ndf3+ 0-1

[Event "Early-Titled-Tuesday-Blitz-March-05-2024"]
[Site "Chess.com"]
[Date "2024.03.05"]
[Round "11"]
[White "ninguno46"]
[Black "TheAlienParty"]
[Result "1/2-1/2"]
[WhiteElo "2510"]
[BlackElo "2400"]
[TimeControl "180+1"]
[EndTime "10:07:34 PST"]
[Termination "Game drawn by repetition"]

1. e4 e5 2. Nf3 Nc6 3. d4 exd4 4. Bc4 Nf6 5. e5 d5 6. Bb5 Ne4 7. Nxd4 Bc5 8. Be3 Bxd4 9. Qxd4 O-O 10. Bxc6 bxc6 11.
Nd2 c5 12. Qa4 Nxd2 13. Bxd2 Bf5 14. O-O d4 15. Qc4 Qe7 16. Rfe1 Rab8 17. b3 Be6 18. Qe2 Bd5 19. Qg4 Rb6 20. f3 Rg6 21. Qf4 Qd7 22.
Kf2 f6 23. e6 Bxe6 24. c4 dxc3 25. Bxc3 Rg5 26. Qe4 Bf7 27. Rad1 Rd5 28. Rxd5 Bxd5 29. Qe7 Qd6 30. Qxd6 cxd6 31. Re7 Rf7 32. Re8+ Rf8 33. Re7 Rf7 34. Re8+ Rf8 35. Re7 1/2-1/2

[Event "Early-Titled-Tuesday-Blitz-March-05-2024"]
[Site "Chess.com"]
[Date "2024.03.05"]
[Round "11"]
[White "Shushik"]
[Black "ValentunHulka"]
[Result "1-0"]
[WhiteElo "2576"]
[BlackElo "2746"]
[TimeControl "180+1"]
[EndTime "10:07:42 PST"]
[Termination "Shushik won by resignation"]

1. e4 c5 2. Ne2 Nf6 3. Nbc3 Nc6 4. d4 cxd4 5. Nxd4 e5 6. Ndb5 d6 7. Bg5 a6 8. Na3 b5 9. Nd5 Be7 10. Bxf6 Bxf6 11. c3 O-O 12. Nc2 Rb8 13. h4 Be7 14. g3 Be6 15. Bg2 Qd7 16. Qd2 Bd8 17. O-O-O a5 18.
f4 Bg4 19. Rdf1 b4 20. f5 bxc3 21. Qxc3 Nb4 22. Ndxb4 axb4 23. Qb3 Qc6 24. Kb1 Qb5 25. Rc1 Be2 26. Bf1 Bxf1 27. Rhxf1 Bb6 28. f6 g6 29. h5 Rfc8 30. hxg6 hxg6 31. Rh1 Bd8 32. Rh8+ Kxh8 33. Qxf7 Bxf6 34. Rh1+ 1-0

[Event "Early-Titled-Tuesday-Blitz-March-05-2024"]
[Site "Chess.com"]
[Date "2024.03.05"]
[Round "11"]
[White "Doublekk14"]
[Black "Lady_Nika"]
[Result "1-0"]
[WhiteElo "2374"]
[BlackElo "2531"]
[TimeControl "180+1"]
[EndTime "10:07:46 PST"]
[Termination "Doublekk14 won by checkmate"]

1. c4 e6 2. e4 d5 3. exd5 exd5 4.
d4 c6 5. Nf3 Nf6 6. Nc3 Be7 7.
Bd3 O-O 8. O-O Nbd7 9. h3 dxc4 10. Bxc4 Nb6 11. Bb3 Nbd5 12. Ne5 Be6 13. Qf3 Qb6 14. Nxd5 Nxd5 15. Rd1 Rad8 16. Be3 Bf6 17. Ng4 Be7 18. Qg3 Kh8 19. Ne5 Bd6 20. Qf3 f6 21. Nc4 Qc7 22. Nxd6 Qxd6 23. Bc2 f5 24. Bg5 Rd7 25. Re1 Rdf7 26.
Re5 Bd7 27. Bb3 h6 28. Bd2 Ne7 29. Bc3 Ng6 30. Bxf7 Rxf7 31. Rae1 Nxe5 32. dxe5 Qe6 33. Qe3 b6 34. f4 c5 35. Rd1 Bb5 36. b3 Rd7 37. Rd2 Bc6 38. Rxd7 Qxd7 39. e6 Qd1+ 40.
Kh2 Qc2 41. Qg3 Qe2 42. Qxg7# 1-0

[Event "Early-Titled-Tuesday-Blitz-March-05-2024"]
[Site "Chess.com"]
[Date "2024.03.05"]
[Round "11"]
[White "CaspiIsrael"]
[Black "Penafiel-Josselyne02"]
[Result "1-0"]
[WhiteElo "2673"]
[BlackElo "2053"]
[TimeControl "180+1"]
[EndTime "10:07:46 PST"]
[Termination "CaspiIsrael won on time"]

1. e4 c5 2. d4 cxd4 3. Nf3 d6 4. c3 d3 5. Bxd3 Nf6 6. O-O a6 7. c4 Nbd7 8. Nc3 e6 9. b3 Be7 10. Bb2 O-O 11. Qe2 Qc7 12. Rac1 b6 13. Bb1 Bb7 14. Rfd1 Rfe8 15. Nd4 Rac8 16. Kh1 Qb8 17. f4 Bd8 18. Nf3 Bc7 19. Re1 Qa8 20. Rcd1 Nc5 21. b4 Ncd7 22. a3 Bb8 23. Qd3 d5 24. cxd5 exd5 25. e5 Ne4 26. Rf1 Nxc3 27. Qxh7+ Kf8 28. Bxc3 Rxc3 29.
Qh8+ Ke7 30. Qxg7 Rf8 31. e6 Rc6 32. exd7 Re6 33. f5 Re2 34. f6+ Kxd7 35. Qxf8 d4 36. Bf5+ Kc7 37. Qxf7+ Kd8 38. Rxd4+ 1-0

[Event "Early-Titled-Tuesday-Blitz-March-05-2024"]
[Site "Chess.com"]
[Date "2024.03.05"]
[Round "11"]
[White "Elsa167"]
[Black "K_A_S_T_O_R"]
[Result "0-1"]
[WhiteElo "2902"]
[BlackElo "2802"]
[TimeControl "180+1"]
[EndTime "10:07:47 PST"]
[Termination "K_A_S_T_O_R won by resignation"]

1. f4 d5 2. Nf3 Nh6 3. g3 g6 4. Bg2 Bg7 5. O-O c6 6. d3 Qb6+ 7. Kh1 Bxb2 8. Bxb2 Qxb2 9. Nbd2 Ng4 10. Rb1 Qa3 11. Rb3 Qa5 12. d4 f5 13. c4 Nd7 14. h3 Ngf6 15. Ne5 e6 16. g4 O-O 17. g5 Nxe5 18. dxe5 Ne4 19. cxd5 Qxd2 20. Bxe4 Qxd1 21. Rxd1 fxe4 22. d6 Rf7 23. e3 b6 24. Kg2 c5 25.
Kg3 Bb7 26. h4 h5 27. gxh6 Kh7 28. h5 Rg8 29. hxg6+ Rxg6+ 30. Kf2 Bc6 31. Rbb1 Rxh6 32. Rh1 Rxh1 33. Rxh1+ Kg7 34. Kg3 c4 35. Kf2 b5 36. a3 a5 37. Rb1 Rb7 38. f5 exf5 39. Kg3 Bd7 40. Kf4 c3 41. Rg1+ Kf7 42. Rh1 b4 43. axb4 axb4 44. Kg5 c2 45. Rh7+ Ke6 46. Re7+ Kd5 47. e6 0-1

[Event "Early-Titled-Tuesday-Blitz-March-05-2024"]
[Site "Chess.com"]
[Date "2024.03.05"]
[Round "11"]
[White "AsaHoffmann"]
[Black "TheMagician"]
[Result "1/2-1/2"]
[WhiteElo "2408"]
[BlackElo "2219"]
[TimeControl "180+1"]
[EndTime "10:07:47 PST"]
[Termination "Game drawn by repetition"]

1. d4 d5 2. Bg5 h6 3. Bh4 c6 4. e3 Bf5 5. Bd3 Bxd3 6. Qxd3 Qb6 7. b3 e6 8. Nd2 Be7 9. Bg3 Nd7 10. Ngf3 Ngf6 11. O-O O-O 12. c4 a5 13. h3 Qa6 14.
Rfc1 a4 15. e4 axb3 16. axb3 Qxa1 17. Rxa1 Rxa1+ 18. Kh2 dxe4 19. Nxe4 Nxe4 20. Qxe4 Ra3 21. Qb1 Rfa8 22. b4 R3a4 23. c5 Ra1 24. Qe4 Nf6 25. Qe5 Nd5 26. Qh5 Nf6 27. Qe5 Rc8 28. Bh4 Raa8 29.
Bxf6 Bxf6 30. Qe4 Rd8 31. Ne5 Bxe5+ 32. Qxe5 Rd7 33. Qe3 Rad8 34. b5 cxb5 35. Qb3 Rxd4 36. Qxb5 R4d7 37. c6 bxc6 38. Qxc6 Rd2 39. f3 Rb2 40. h4 Rdd2 41. Kh3 Rxg2 42. Qe8+ Kh7 43. Qxf7 Rh2+ 44. Kg3 Rhg2+ 45. Kh3 Rh2+ 46. Kg3 Rhg2+ 47. Kh3 1/2-1/2

[Event "Early-Titled-Tuesday-Blitz-March-05-2024"]
[Site "Chess.com"]
[Date "2024.03.05"]
[Round "11"]
[White "StrackedAktonamee"]
[Black "Roman_Ovetchkin"]
[Result "0-1"]
[WhiteElo "2496"]
[BlackElo "2597"]
[TimeControl "180+1"]
[EndTime "10:07:50 PST"]
[Termination "Roman_Ovetchkin won by resignation"]

1. e4 c6 2. d4 d5 3. exd5 cxd5 4. c3 Nf6 5. Bd3 Nc6 6. Nf3 Bg4 7. Bf4 e6 8. Nbd2 Bd6 9. Bxd6 Qxd6 10. h3 Bh5 11. O-O O-O 12. Qc2 Rfc8 13. a3 Rab8 14. Rae1 Bg6 15.
Ne5 Nxd4 16. Qb1 Nc6 17. Nxg6 hxg6 18. Nf3 e5 19. Bc2 e4 20. Nd2 Ne5 21. f3 Qb6+ 22. Kh1 Nh5 23. Kh2 Qc7 24. Kg1 Qb6+ 25. Kh2 e3 26.
Nb3 Nc6 27. Qd1 Re8 28. Qd3 Nf4 29. Qd1 e2 0-1

[Event "Early-Titled-Tuesday-Blitz-March-05-2024"]
[Site "Chess.com"]
[Date "2024.03.05"]
[Round "11"]
[White "MaxLeto"]
[Black "SlavenPastar"]
[Result "0-1"]
[WhiteElo "2448"]
[BlackElo "2600"]
[TimeControl "180+1"]
[EndTime "10:07:53 PST"]
[Termination "SlavenPastar won by resignation"]

1. g4 b6 2. Bg2 d5 3. c4 c6 4. Nc3 d4 5. Ne4 Bxg4 6. d3 e5 7.
Nf3 Bxf3 8. Bxf3 Nf6 9. Bg5 Be7 10. Bxf6 Bxf6 11. Qa4 Be7 12. Rg1 g6 13. h4 f5 14.
Ng5 Qd7 15. O-O-O a5 16. e3 Ra7 17. exd4 Bxg5+ 18. hxg5 exd4 19. Rde1+ Kd8 20. Re5 Re8 21. Rge1 Rxe5 22. Rxe5 Qd6 23. Re1 Qf4+ 24. Kb1 Qxf3 25. c5 Qxd3+ 26. Ka1 b5 0-1

[Event "Early-Titled-Tuesday-Blitz-March-05-2024"]
[Site "Chess.com"]
[Date "2024.03.05"]
[Round "11"]
[White "ChempionBg"]
[Black "GWR2024"]
[Result "0-1"]
[WhiteElo "2373"]
[BlackElo "2174"]
[TimeControl "180+1"]
[EndTime "10:07:55 PST"]
[Termination "GWR2024 won on time"]

1. d4 f5 2. Nf3 Nf6 3. g3 g6 4. Bg2 Bg7 5. O-O O-O 6. c4 d6 7. Nc3 Nc6 8. b3 e5 9. d5 Ne7 10. Bb2 h6 11. Qc2 Qe8 12. Rad1 g5 13. e4 f4 14. Nb5 Qh5 15. Nxc7 Bg4 16. Qd3 Rac8 17. Nb5 Rcd8 18. c5 Ng6 19. Nxd6 Bh3 20. Nxe5 Nxe5 21.
Bxe5 Ng4 22. Bxg7 Bxg2 23. Kxg2 f3+ 0-1

[Event "Early-Titled-Tuesday-Blitz-March-05-2024"]
[Site "Chess.com"]
[Date "2024.03.05"]
[Round "11"]
[White "kleopl"]
[Black "dealshark"]
[Result "1-0"]
[WhiteElo "2501"]
[BlackElo "2333"]
[TimeControl "180+1"]
[EndTime "10:07:56 PST"]
[Termination "kleopl won by resignation"]

1. e4 c6 2. Nc3 d5 3. Qe2 dxe4 4.
Nxe4 e6 5. g3 Nd7 6. Bg2 Ngf6 7.
c3 Be7 8. d4 O-O 9. Nf3 Nxe4 10. Qxe4 Nf6 11. Qe2 c5 12. dxc5 Bxc5 13. Ne5 Qb6 14.
O-O Nd7 15. Nd3 Rd8 16. Nxc5 Nxc5 17. Be3 Qc7 18. Bf4 Qe7 19. Rfd1 Bd7 20. Bd6 Qg5 21. h4 Qf5 22. g4 Qf6 23. Bxc5 Qxh4 24. Bxb7 Rab8 25. Bg2 e5 26. Bxa7 Bxg4 27. f3 Rxd1+ 28. Rxd1 Rd8 29. fxg4 h6 30. a4 Re8 31. a5 Re7 32. Bc5 Rc7 33. Bb6 Re7 34. Bd8 Qg3 1-0

[Event "Early-Titled-Tuesday-Blitz-March-05-2024"]
[Site "Chess.com"]
[Date "2024.03.05"]
[Round "11"]
[White "bulletteemo"]
[Black "PeshkaCh"]
[Result "0-1"]
[WhiteElo "2596"]
[BlackElo "2819"]
[TimeControl "180+1"]
[EndTime "10:07:57 PST"]
[Termination "PeshkaCh won by checkmate"]

1. e4 e5 2. Nf3 Nc6 3. Bb5 a6 4. Ba4 Nge7 5. Nc3 Ng6 6. O-O Be7 7. Nd5 O-O 8. c3 d6 9. h3 f5 10. exf5 Bxf5 11. Qb3 Be6 12. Nxe7+ Qxe7 13. Qxb7 Na5 14. Qb4 Nc4 15. Bc6 Rab8 16. Qa4 d5 17. d3 Nxb2 18.
Qc2 Rxf3 19. gxf3 Nh4 20. Qe2 Qf6 21. Kh1 Qf5 22. Kh2 Qxh3+ 23. Kg1 Qg2# 0-1

[Event "Early-Titled-Tuesday-Blitz-March-05-2024"]
[Site "Chess.com"]
[Date "2024.03.05"]
[Round "11"]
[White "Cheer_Down"]
[Black "rdarruda"]
[Result "0-1"]
[WhiteElo "2424"]
[BlackElo "2530"]
[TimeControl "180+1"]
[EndTime "10:07:58 PST"]
[Termination "rdarruda won by resignation"]

1. e4 c5 2. Nf3 Nc6 3. d4 cxd4 4. Nxd4 e5 5. Nb5 a6 6. Nd6+ Bxd6 7. Qxd6 Qe7 8. Qxe7+ Ngxe7 9. c4 O-O 10. Bd2 d6 11.
Nc3 Be6 12. Nd5 Bxd5 13. exd5 Nd4 14. Bd3 b5 15. cxb5 axb5 16. O-O Nxd5 17. Be4 Nb6 18. Bxa8 Rxa8 19. Rfd1 Nc4 20. b3 Nxd2 21. Rxd2 Nxb3 22.
Rad1 Nxd2 23. Rxd2 Ra6 24. f4 exf4 25. Kf2 g5 26.
Kf3 f5 27. h4 Ra3+ 28. Kf2 g4 29. Rxd6 Rxa2+ 30. Kf1 g3 31. Rb6 Rf2+ 32. Kg1 Rb2 33. Kf1 b4 34. h5 b3 35. Rb7 Rf2+ 36. Kg1 b2 37. h6 Rc2 0-1

[Event "Early-Titled-Tuesday-Blitz-March-05-2024"]
[Site "Chess.com"]
[Date "2024.03.05"]
[Round "11"]
[White "chess94cu"]
[Black "2KTNGO"]
[Result "1-0"]
[WhiteElo "2648"]
[BlackElo "2524"]
[TimeControl "180+1"]
[EndTime "10:08:00 PST"]
[Termination "chess94cu won by resignation"]

1. Nf3 Nf6 2. c4 Nc6 3. d4 e6 4. a3 d6 5. Nc3 g6 6. e4 Bg7 7. Bd3 O-O 8. O-O Re8 9. h3 e5 10. d5 Nd4 11. Be3 c5 12. dxc6 Nxf3+ 13. Qxf3 bxc6 14. Rad1 Be6 15. Rd2 Nd7 16. Rfd1 Qc7 17. Bf1 Bf8 18. Nd5 Qd8 19. b4 f5 20. exf5 gxf5 21.
Qg3+ Kh8 22. Bg5 f4 23. Qh4 Qc8 24. Bd3 e4 25. Bxe4 Bg8 26. Nf6 Rxe4 27. Nxe4 d5 28. Nf6 Bg7 29. cxd5 cxd5 30. Nxg8 Kxg8 31. Rxd5 1-0

[Event "Early-Titled-Tuesday-Blitz-March-05-2024"]
[Site "Chess.com"]
[Date "2024.03.05"]
[Round "11"]
[White "whiteglovethief"]
[Black "ACollins05"]
[Result "0-1"]
[WhiteElo "2503"]
[BlackElo "2611"]
[TimeControl "180+1"]
[EndTime "10:08:05 PST"]
[Termination "ACollins05 won on time"]

1. d4 b5 2. Nf3 Bb7 3. Nbd2 e6 4. e4 a6 5. c4 bxc4 6. Bxc4 Nf6 7. Bd3 c5 8. O-O cxd4 9. Nxd4 Nc6 10. Nxc6 Bxc6 11. Qe2 Be7 12. e5 Nd5 13. Nc4 O-O 14. Qe4 f5 15. Qe2 Nb4 16. b3 Nxd3 17. Qxd3 a5 18. Bb2 a4 19. Rfd1 Be4 20. Qxd7 Bd5 21. Qxd8 Raxd8 22. Rac1 axb3 23. axb3 Rb8 24. Nd6 Rxb3 25. Ba1 Ra8 26. Rc7 Bd8 27. Rd7 Bb6 28. Nxf5 Rd3 29.
Ne7+ Kf8 30. Rf1 Bc4 31. Rxd3 Bxd3 0-1

[Event "Early-Titled-Tuesday-Blitz-March-05-2024"]
[Site "Chess.com"]
[Date "2024.03.05"]
[Round "11"]
[White "ljuks68"]
[Black "MathiasWomacka"]
[Result "0-1"]
[WhiteElo "2417"]
[BlackElo "2527"]
[TimeControl "180+1"]
[EndTime "10:08:05 PST"]
[Termination "MathiasWomacka won by resignation"]

1. e4 c5 2. Nf3 d6 3. d4 cxd4 4.
Nxd4 Nf6 5. Nc3 a6 6. Bg5 e6 7. f4 h6 8. Bh4 Qb6 9. a3 Nbd7 10.
Bf2 Qc7 11. Qe2 b5 12. O-O-O Bb7 13. g4 e5 14. Nf5 g6 15. Ne3 exf4 16. Ned5 Nxd5 17.
Nxd5 Bxd5 18. exd5+ Ne5 19. Qe4 Rc8 20. Rd2 f3 21.
Bd4 Bg7 22. Bxe5 Bxe5 23. Qxf3 O-O 24. Bd3 Bxb2+ 25. Kd1 Bg7 26. h4 Qc3 27. h5 Rfe8 28. Be4 Qa1+ 29. Ke2 Qe5 0-1

[Event "Early-Titled-Tuesday-Blitz-March-05-2024"]
[Site "Chess.com"]
[Date "2024.03.05"]
[Round "11"]
[White "Azalea95"]
[Black "Eliwood44"]
[Result "1-0"]
[WhiteElo "2408"]
[BlackElo "2505"]
[TimeControl "180+1"]
[EndTime "10:08:12 PST"]
[Termination "Azalea95 won by resignation"]

1. e4 e5 2. Nf3 Nc6 3. Bc4 Nf6 4. Ng5 Bc5 5. Bxf7+ Ke7 6. Bb3 Rf8 7. O-O h6 8. Nf3 d6 9. d3 Bg4 10. Be3 Qe8 11.
Nbd2 Qh5 12. c3 Nh7 13. Qe2 Rf6 14. Bd1 Raf8 15. Bxc5 dxc5 16. Qe3 b6 17. h3 Bxh3 18. Nh2 Qg6 19. Qxh3 Ng5 20. Qh5 Qh7 21. Ndf3 Ne6 22. Nxe5 Ncd8 23. Bg4 Nf4 24. Qh4 h5 25. Bd1 g5 26.
Qg3 Nde6 27. Re1 h4 28. Qe3 h3 29. g3 Ng2 30. Qe2 Nxe1 31. Qxe1 Rxf2 32. Qxf2 Rxf2 33. Kxf2 Qg7 34. Nhg4 b5 35. Be2 a5 36. Rh1 Qh7 37.
Ne3 b4 38. Bg4 bxc3 39. bxc3 Qg7 40. Nf5+ Kf6 41. Nxg7 1-0

[Event "Early-Titled-Tuesday-Blitz-March-05-2024"]
[Site "Chess.com"]
[Date "2024.03.05"]
[Round "11"]
[White "Qvalda"]
[Black "Actuary44"]
[Result "1-0"]
[WhiteElo "2451"]
[BlackElo "2523"]
[TimeControl "180+1"]
[EndTime "10:08:15 PST"]
[Termination "Qvalda won by resignation"]

1. d4 Nf6 2. c4 g6 3. Nf3 Bg7 4. e3 d6 5. Be2 O-O 6. O-O Nfd7 7.
Nc3 Nc6 8. d5 Nce5 9. Nxe5 Nxe5 10. f4 Nd7 11. e4 e5 12. f5 g5 13. Bd3 c5 14. Qh5 h6 15. h4 f6 16. Qe2 a6 17.
a3 Rb8 18. Be3 b5 19. cxb5 axb5 20. Bxb5 Nb6 21. a4 Bd7 22. Ra3 Bxb5 23. axb5 gxh4 24. Ra6 Kh7 25. Kf2 h3 26. Rh1 hxg2 27. Kxg2 Qe8 28. Kf1 Rh8 29. Ra7 Ra8 30. Rxh6+ Kg8 31. Rxg7+ Kxg7 32. Qg4+ Kf7 33. Qg6+ Ke7 34. Qxf6+ Kd7 35. Qxd6+ Kc8 36. Rxh8 Qxh8 37. Qc6+ Kd8 38. Bg5+ 1-0

[Event "Early-Titled-Tuesday-Blitz-March-05-2024"]
[Site "Chess.com"]
[Date "2024.03.05"]
[Round "11"]
[White "Kildepiotr"]
[Black "ContrVersia"]
[Result "0-1"]
[WhiteElo "2691"]
[BlackElo "2866"]
[TimeControl "180+1"]
[EndTime "10:08:19 PST"]
[Termination "ContrVersia won by resignation"]

1. Nf3 d5 2. g3 Nd7 3. Bg2 e5 4. d3 Ngf6 5. O-O Bc5 6. Nbd2 O-O 7. e4 dxe4 8. dxe4 a5 9. Nb3 Bb6 10. Bg5 h6 11. Bxf6 Qxf6 12. a4 Rd8 13. Qe2 Nf8 14.
Nfd2 c6 15. Rfd1 Be6 16. Qf3 Nh7 17. Qxf6 Nxf6 18. h3 Rd6 19. Re1 Rad8 20. Nf1 Bxb3 21. cxb3 Rd3 22. b4 axb4 23. a5 Ba7 24. a6 b5 25. Re2 Rd1 26. Rxd1 Rxd1 27. Kh2 Nd7 28. Rc2 Nb8 29. Nd2 Ra1 30. Nb3 Rxa6 31. h4 c5 32. Rd2 c4 33. Nc5 Bxc5 34. Rd8+ Kh7 35. Rxb8 Rb6 36.
Rxb6 Bxb6 37. b3 Bxf2 38. Bf1 cxb3 39. Bxb5 b2 40. Bd3 g6 41. Kh3 h5 42. g4 hxg4+ 43.
Kxg4 Kh6 44. Bc2 b3 45. Bd3 Kg7 46. h5 Be3 47. hxg6 fxg6 48. Bb1 Kf6 49. Bd3 Bf4 50. Bb1 Ke6 51. Bd3 g5 52. Kf3 Kd6 53. Bb1 Kc5 0-1

[Event "Early-Titled-Tuesday-Blitz-March-05-2024"]
[Site "Chess.com"]
[Date "2024.03.05"]
[Round "11"]
[White "deepfear"]
[Black "ricaurtelopezj1955"]
[Result "0-1"]
[WhiteElo "1967"]
[BlackElo "2149"]
[TimeControl "180+1"]
[EndTime "10:08:19 PST"]
[Termination "ricaurtelopezj1955 won on time"]

1. e4 c5 2. Nc3 e6 3. g3 d5 4. d3 dxe4 5. Nxe4 Bd7 6. Bg2 Bc6 7. Be3 f5 8. Qh5+ g6 9. Qe2 fxe4 10. dxe4 Nf6 11. Rd1 Qc7 12. Bg5 Be7 13. Nh3 Nbd7 14. Nf4 Nf8 15. Nd3 e5 16. O-O Ne6 17. Bd2 O-O 18.
f4 Nd4 19. Qe1 Nxc2 20. Qe2 Nd4 21. Qe1 Ng4 22. fxe5 Nxe5 23. Bf4 Bd6 24. Qc3 b6 25. Nxe5 Bxe5 26. Qc4+ Kg7 27. Bxe5+ Qxe5 28. Rxf8 Rxf8 29. Rf1 Rxf1+ 30. Bxf1 Qxe4 0-1

[Event "Early-Titled-Tuesday-Blitz-March-05-2024"]
[Site "Chess.com"]
[Date "2024.03.05"]
[Round "11"]
[White "MasterKroket"]
[Black "BilicVladimir"]
[Result "1/2-1/2"]
[WhiteElo "2499"]
[BlackElo "2611"]
[TimeControl "180+1"]
[EndTime "10:08:22 PST"]
[Termination "Game drawn - insufficient material"]

1. e4 c5 2. Nf3 d6 3. d4 cxd4 4. Nxd4 Nf6 5. Nc3 e5 6. Nb3 h6 7.
f3 Be6 8. Be3 Be7 9. Qd2 d5 10.
exd5 Nxd5 11. Nxd5 Qxd5 12. Qxd5 Bxd5 13. c4 Bc6 14. Na5 Bb4+ 15. Bd2 Bxd2+ 16. Kxd2 b6 17. Nxc6 Nxc6 18. Bd3 Ke7 19. Be4 Rad8+ 20. Kc3 Nd4 21. Rhe1 Kf6 22. Rad1 g5 23. Bd5 Rhe8 24. a4 a5 25. Re4 Kf5 26. Bxf7 Re7 27. Bd5 Rc7 28. g4+ Kf6 29. Rdxd4 exd4+ 30. Kxd4 Re7 31. Rxe7 Kxe7 32.
c5 bxc5+ 33. Kxc5 Rb8 34. b3 Rb4 35. Bc4 Kd7 36. Kd5 Rb6 37. Kc5 Rf6 38. Bd5 Rf4 39. Be4 h5 40. h3 h4 41. b4 axb4 42. Kxb4 Kc7 43. Kc4 Rf6 44. a5 Rd6 45. Bd5 Rd8 46. Kc5 Kb8 47. a6 Ka7 48. Bb7 Rd1 49. Kc4 Rh1 50.
f4 Rxh3 51. fxg5 Rg3 52. Kd4 h3 53. Ke5 Rxg4 54. Kf6 h2 55. g6 Rb4 56. g7 Rb6+ 57. Kf5 Rxb7 58. axb7 Kxb7 59. g8=Q h1=Q 60. Qf7+ Kb6 61.
Qe6+ Qc6 62. Qxc6+ Kxc6 1/2-1/2

[Event "Early-Titled-Tuesday-Blitz-March-05-2024"]
[Site "Chess.com"]
[Date "2024.03.05"]
[Round "11"]
[White "martinmena"]
[Black "goodnigth"]
[Result "1-0"]
[WhiteElo "2290"]
[BlackElo "2023"]
[TimeControl "180+1"]
[EndTime "10:08:23 PST"]
[Termination "martinmena won on time"]

1. c4 Nf6 2. g3 g6 3. Bg2 Bg7 4. Nc3 O-O 5. d3 d6 6. Bg5 h6 7. Bd2 Nc6 8. e4 e5 9. h3 Kh7 10. Nge2 Nh5 11. O-O f5 12. exf5 gxf5 13. Kh2 Qe8 14.
f4 Qg6 15. Bf3 Be6 16. Nd5 Rf7 17. Bc3 Rg8 18. Rg1 Bh8 19. g4 fxg4 20. hxg4 Nxf4 21. Nexf4 exf4 22. Be4 Bf5 23. gxf5 Qxg1+ 24. Qxg1 Rxg1 25. Rxg1 Bxc3 26. bxc3 Ne5 27. f6+ Kh8 28. Ne7 Rf8 29.
d4 1-0

[Event "Early-Titled-Tuesday-Blitz-March-05-2024"]
[Site "Chess.com"]
[Date "2024.03.05"]
[Round "11"]
[White "HelvertHernandez"]
[Black "Willi_Skibbe"]
[Result "0-1"]
[WhiteElo "2023"]
[BlackElo "2279"]
[TimeControl "180+1"]
[EndTime "10:08:23 PST"]
[Termination "Willi_Skibbe won by checkmate"]

1. e4 c5 2. Nf3 Nc6 3. d4 cxd4 4.
Nxd4 Nf6 5. Nc3 d6 6. Bc4 Qb6 7. Be3 Qxb2 8. Ndb5 Qb4 9. Bb3 Qa5 10. O-O e6 11. Nxd6+ Bxd6 12. Qxd6 Qxc3 13. Rad1 Nxe4 14. Qa3 Qb4 15. Qb2 O-O 16. Rfe1 Nc3 17. Rd3 Nd5 18. Red1 Nxe3 19. Rxe3 e5 20. Rg3 Be6 21. Qc1 Qf4 22. Qb1 Bxb3 23. Qxb3 Rad8 24. Qxb7 Rxd1# 0-1

[Event "Early-Titled-Tuesday-Blitz-March-05-2024"]
[Site "Chess.com"]
[Date "2024.03.05"]
[Round "11"]
[White "FlemingA"]
[Black "jaskol95"]
[Result "0-1"]
[WhiteElo "2438"]
[BlackElo "2570"]
[TimeControl "180+1"]
[EndTime "10:08:27 PST"]
[Termination "jaskol95 won by resignation"]

1. Nf3 e6 2. g3 f5 3. d3 Nf6 4.
Nbd2 Be7 5. e4 fxe4 6. dxe4 d6 7.
e5 dxe5 8. Nxe5 O-O 9. Bg2 c6 10. O-O Nbd7 11. Qe2 Nxe5 12. Qxe5 Bd6 13. Qe2 e5 14.
Ne4 Bc7 15. Bg5 Bf5 16. Rad1 Qe8 17. Bxf6 gxf6 18. Nd6 Bxd6 19. Rxd6 Qe7 20. Rfd1 Rad8 21. Qc4+ Be6 22. Qb4 Rxd6 23. Qxd6 Qxd6 24. Rxd6 Kf7 25. b3 Ke7 26. Rd2 Rd8 27. Rxd8 Kxd8 28. Kf1 Kc7 29. Ke2 Kd6 30. Ke3 Kc5 31. Be4 h6 32. c3 a5 33. Bd3 b5 34. f4 exf4+ 35. Kxf4 b4 36. cxb4+ Kxb4 37. Bf5 Bxf5 38. Kxf5 Ka3 39. Kxf6 Kxa2 40.
g4 Kxb3 41. h4 a4 42. g5 hxg5 43. hxg5 a3 44. g6 a2 45. g7 a1=Q+ 46. Kf7 Qxg7+ 47. Kxg7 c5 48. Kf6 c4 49. Ke5 c3 0-1

[Event "Early-Titled-Tuesday-Blitz-March-05-2024"]
[Site "Chess.com"]
[Date "2024.03.05"]
[Round "11"]
[White "andrzej"]
[Black "NowInChess"]
[Result "1/2-1/2"]
[WhiteElo "2494"]
[BlackElo "2243"]
[TimeControl "180+1"]
[EndTime "10:08:27 PST"]
[Termination "Game drawn by repetition"]

1. e4 e6 2. d4 d5 3. Nc3 Nc6 4.
e5 f6 5. Bb5 Bd7 6. Nf3 Nge7 7.
O-O Ng6 8. Re1 fxe5 9. dxe5 Bc5 10.
Nxd5 O-O 11. Bc4 Ncxe5 12. Nxe5 Bxf2+ 13. Kh1 Bxe1 14. Qxe1 Nxe5 15. Qxe5 exd5 16. Qxd5+ Kh8 17.
Bg5 Qc8 18. Be7 Bc6 19. Qh5 Qf5 20. Qh4 Bxg2+ 21. Kxg2 Qf3+ 22. Kg1 Qe3+ 23. Kh1 Qf3+ 24. Kg1 Qe3+ 25. Kh1 Qf3+ 26. Kg1 1/2-1/2